Map: Nekodrec LE

Players

podliva - Winner!

  • Race: Protoss Protoss
  • League: Platinum
  • Spawn Location: 11:00

HOTEL - Winner!

  • Race: Protoss Protoss
  • Spawn Location: 12:00

RyuKey - Winner!

  • Race: Terran Terran
  • League: Diamond
  • Spawn Location: 11:00

RED - Winner!

  • Race: Zerg Zerg
  • League: Gold
  • Spawn Location: 0:00

Invictus

  • Race: Terran Terran
  • Spawn Location: 1:00

Xolotl

  • Race: Zerg Zerg
  • Spawn Location: 12:00

KopJLeoHe

  • Race: Terran Terran
  • League: Gold
  • Spawn Location: 1:00

ReyGrey

  • Race: Terran Terran
  • Spawn Location: 0:00

VOD

Have the link to the VOD?

Description

Time

  • Played on: June 8, 2020, 10:22 a.m.
  • Length: 22:01
Show
View Real Time Build Order
Export as new Build Order

podliva Protoss - Winner!

Build Orders: Carriers 

Get SALT Encoding   

  12  0:01  Probe  
  13  0:13  Probe  
  14  0:20  Pylon  
  14  0:25  Probe  
  15  0:38  Probe  
  16  0:50  Probe  
  17  1:02  Probe  
  18  1:07  Nexus  
  18  1:15  Probe (Chrono Boost)  
  18  1:17  Gateway  
  19  1:22  Assimilator  
  19  1:25  Probe (Chrono Boost)  
  20  1:30  Probe (Chrono Boost), Assimilator  
  21  1:42  Probe (Chrono Boost), Pylon  
  22  1:54  Probe (Chrono Boost)  
  23  2:01  Probe (Chrono Boost)  
  23  2:04  Cybernetics Core  
  23  2:08  Probe (Chrono Boost)  
  25  2:20  Probe x2 (Chrono Boost)  
  27  2:29  Probe (Chrono Boost), Pylon  
  29  2:30  Probe (Chrono Boost)  
  29  2:40  Stargate  
  29  2:54  Probe x2  
  29  2:58  Warp Gate  
  31  3:06  Probe x2  
  33  3:18  Probe x2  
  35  3:20  Assimilator  
  35  3:25  Assimilator  
  38  3:30  Probe x2  
  38  3:32  Pylon  
  40  3:42  Probe  
  40  3:43  Probe  
  40  3:46  Void Ray  
  43  3:54  Probe  
  43  3:55  Probe  
  45  4:07  Probe x2  
  47  4:17  Stargate  
  47  4:19  Probe  
  48  4:24  Nexus  
  48  4:26  Fleet Beacon, Assimilator  
  48  4:30  Assimilator  
  48  4:31  Forge  
  48  4:32  Pylon  
  48  4:33  Probe, Pylon  
  48  4:37  Pylon  
  49  4:39  Probe  
  50  4:47  Void Ray  
  54  5:02  Protoss Air Weapons Level 1 (Chrono Boost)  
  54  5:07  Photon Cannon  
  54  5:08  Probe x2  
  54  5:10  Flux Vanes  
  56  5:17  Stargate  
  56  5:20  Stargate  
  56  5:23  Void Ray  
  60  5:40  Probe (Chrono Boost)  
  61  5:49  Protoss Shields Level 1  
  63  5:50  Probe (Chrono Boost)  
  63  5:51  Probe (Chrono Boost), Carrier (Chrono Boost)  
  63  5:55  Probe (Chrono Boost)  
  70  5:58  Probe  
  71  6:06  Probe  
  71  6:10  Photon Cannon  
  72  6:14  Photon Cannon  
  72  6:15  Probe x2  
  72  6:17  Shield Battery  
  74  6:18  Probe  
  81  6:28  Tempest (Chrono Boost)  
  81  6:30  Carrier (Chrono Boost)  
  86  6:39  Probe x3  
  89  6:50  Twilight Council  
  89  6:51  Probe  
  89  6:52  Cybernetics Core  
  90  6:56  Pylon  
  90  7:00  Protoss Air Armor Level 1 (Chrono Boost)  
  90  7:01  Pylon  
  90  7:15  Tempest x3  
  105  7:35  Probe x3  
  108  7:38  Tempest  
  113  7:47  Probe  
  113  7:48  Anion Pulse-Crystals  
  114  7:53  Protoss Air Weapons Level 2 (Chrono Boost)  
  114  7:54  Probe  
  115  8:06  Probe  
  115  8:07  Pylon  
  115  8:10  Pylon  
  116  8:15  Pylon x2  
  116  8:18  Pylon  
  116  8:19  Pylon  
  116  8:20  Pylon  
  116  8:22  Pylon  
  116  8:23  Void Ray x2 (Chrono Boost), Pylon x2  
  124  8:31  Void Ray (Chrono Boost)  
  124  8:32  Void Ray (Chrono Boost)  
  124  8:41  Protoss Shields Level 2 (Chrono Boost)  
  132  8:58  Void Ray  
  132  9:01  Protoss Air Armor Level 2  
  136  9:06  Carrier  
  105  10:00  Carrier x2  
  105  10:01  Carrier  
  123  10:08  Photon Cannon  
  123  10:12  Photon Cannon  
  123  10:16  Photon Cannon  
  123  10:23  Nexus  
  123  10:26  Assimilator  
  123  10:29  Assimilator  
  123  10:31  Pylon  
  123  10:34  Void Ray, Pylon  
  127  10:39  Pylon  
  99  11:04  Void Ray x3  
  111  11:16  Void Ray  
  85  11:41  Photon Cannon  
  85  11:46  Photon Cannon  
  85  11:47  Void Ray  
  89  11:58  Carrier  
  89  11:59  Carrier  
  89  12:00  Carrier  
  95  12:30  Carrier  
  101  13:04  Probe  
  101  13:05  Probe x3  
  105  13:14  Carrier x3  
  122  13:22  Stalker  
  122  13:26  Probe  
  122  13:27  Probe x3  
  122  13:38  Probe  
  122  13:39  Probe x3  
  122  13:40  Stargate  
  126  13:42  Stargate  
  126  13:50  Probe  
  126  13:51  Probe  
  128  13:55  Probe  
  128  13:56  Probe  
  128  13:59  Protoss Shields Level 3  
  128  14:02  Probe  
  131  14:06  Probe  
  131  14:07  Probe  
  133  14:11  Probe  
  133  14:14  Probe, Protoss Air Weapons Level 3 (Chrono Boost)  
  135  14:40  Tempest x4  
  137  15:23  Tempest  
  122  15:49  Void Ray x3  
  128  15:53  Void Ray x2  
  136  16:05  Void Ray  
  136  16:10  Photon Cannon  
  140  16:14  Photon Cannon  
  140  16:16  Protoss Air Armor Level 3 (Chrono Boost)  
  140  16:17  Photon Cannon  
  140  16:21  Photon Cannon  
  140  16:54  Carrier  
  140  16:55  Carrier x3  
  164  17:05  Nexus  
  164  17:07  Assimilator  
  164  17:09  Void Ray x2  
  164  17:11  Assimilator  
  164  17:13  Pylon  
  172  17:17  Pylon  
  172  17:20  Pylon  
  172  17:23  Pylon  
  172  17:54  Photon Cannon  
  172  17:55  Photon Cannon  
  172  17:57  Photon Cannon  
  172  17:59  Photon Cannon  
  172  18:02  Photon Cannon  
  172  18:06  Tempest  
  172  18:07  Tempest x2, Photon Cannon  
  172  18:11  Shield Battery  
  187  18:14  Shield Battery  
  187  18:17  Shield Battery  
  187  19:36  Carrier x2  
  199  20:19  Robotics Facility  
  195  21:07  Pylon  
  195  21:09  Nexus  
  195  21:38  Assimilator  
  195  21:40  Assimilator  
  195  21:43  Pylon  
  180  21:47  Pylon  
Show
View Real Time Build Order
Export as new Build Order

HOTEL Protoss - Winner!

Build Orders:  

Get SALT Encoding   

  12  0:03  Probe (Chrono Boost)  
  14  0:15  Probe (Chrono Boost)  
  14  0:21  Probe (Chrono Boost)  
  14  0:28  Pylon  
  15  0:46  Probe, Forge  
  16  0:51  Gateway  
  16  0:58  Probe  
  17  1:07  Pylon  
  17  1:17  Pylon  
  17  1:33  Probe  
  18  1:45  Probe, Cybernetics Core  
  19  1:47  Photon Cannon  
  19  1:51  Photon Cannon  
  19  1:58  Assimilator  
  19  2:02  Assimilator  
  19  2:11  Photon Cannon  
  19  2:35  Shield Battery  
  19  2:41  Pylon  
  19  2:52  Warp Gate (Chrono Boost)  
  19  2:55  Photon Cannon  
  19  3:03  Gateway  
  19  3:04  Pylon  
  19  3:05  Probe  
  20  3:25  Probe  
  21  3:37  Probe  
  22  3:48  Gateway  
  22  3:51  Pylon  
  22  3:54  Gateway  
  22  3:57  Probe  
  23  4:16  Gateway  
  23  4:30  Stalker  
  25  4:31  Stalker  
  27  4:43  Stalker  
  29  4:56  Nexus  
  29  5:13  Stalker  
  29  5:14  Stalker  
  33  5:25  Pylon  
  33  5:40  Twilight Council  
  33  5:44  Pylon  
  33  5:47  Stalker  
  35  6:09  Stalker x3  
  41  6:28  Probe  
  42  6:40  Probe  
  43  6:49  Pylon  
  43  6:51  Stalker  
  43  6:52  Probe, Shield Battery  
  44  7:04  Probe  
  45  7:10  Stargate  
  45  7:16  Probe  
  46  7:29  Probe  
  47  7:39  Stalker x3  
  47  7:40  Stalker  
  47  7:41  Probe, Blink (Chrono Boost)  
  56  7:53  Probe  
  57  8:05  Probe  
  58  8:06  Robotics Facility  
  58  8:16  Assimilator  
  58  8:17  Pylon  
  58  8:22  Assimilator  
  58  8:39  Photon Cannon  
  58  8:48  Fleet Beacon  
  54  9:04  Stargate  
  54  9:10  Observer  
  54  9:11  Stalker  
  54  9:12  Stalker x2  
  61  9:46  Tempest (Chrono Boost)  
  61  9:49  Tempest (Chrono Boost)  
  71  10:07  Stalker x4  
  79  10:26  Tempest (Chrono Boost)  
  84  10:28  Tempest (Chrono Boost)  
  71  11:02  Stalker x2  
  69  11:05  Tempest x2  
  63  11:47  Tempest  
  54  12:13  Tempest  
  59  12:29  Nexus  
  59  12:30  Pylon  
  59  12:48  Tempest  
  64  12:55  Pylon  
  1  15:50  Probe  
  2  16:09  Pylon  
  2  16:17  Probe  
  3  16:29  Probe  
  4  16:36  Forge  
  4  16:41  Probe  
  5  16:53  Probe  
  6  17:05  Probe  
  2  17:53  Pylon  
Show
View Real Time Build Order
Export as new Build Order

RyuKey Terran - Winner!

Build Orders: Reaper Expand 

Get SALT Encoding   

  12  0:00  SCV  
  13  0:12  SCV  
  14  0:17  Supply Depot  
  14  0:25  SCV  
  15  0:38  SCV  
  15  0:40  Barracks  
  16  0:47  Refinery  
  16  0:50  SCV  
  17  1:03  SCV  
  18  1:15  SCV  
  19  1:28  Orbital Command  
  19  1:30  Reaper  
  20  1:40  Command Center  
  20  1:53  SCV, Supply Depot  
  21  1:58  Refinery  
  21  2:02  Barracks Reactor  
  21  2:05  SCV  
  22  2:18  SCV  
  23  2:28  Factory  
  23  2:30  SCV  
  24  2:42  SCV  
  25  2:47  Marine x2  
  25  2:50  Supply Depot  
  27  2:54  SCV  
  27  2:55  Orbital Command  
  28  3:05  Marine x2  
  30  3:06  SCV  
  31  3:18  SCV  
  32  3:23  Marine x2  
  35  3:27  SCV  
  35  3:29  Factory Tech Lab  
  35  3:30  SCV  
  35  3:33  Starport  
  36  3:39  SCV  
  36  3:40  Marine  
  36  3:41  Marine  
  39  3:42  SCV  
  40  3:51  SCV  
  40  3:54  SCV  
  42  3:56  Siege Tank  
  42  3:58  Marine x2  
  47  4:03  SCV  
  47  4:06  SCV  
  48  4:11  Starport Tech Lab  
  48  4:15  SCV  
  49  4:18  SCV, Command Center  
  49  4:23  Marine x2  
  52  4:26  Refinery  
  52  4:27  SCV  
  52  4:30  Refinery  
  53  4:33  Supply Depot  
  53  4:34  Supply Depot  
  53  4:36  SCV  
  54  4:48  Cloaking Field, Engineering Bay  
  54  4:53  Engineering Bay  
  54  4:54  SCV, Marine x2, Banshee  
  54  4:58  Engineering Bay  
  60  5:05  Siege Tank  
  60  5:06  SCV  
  64  5:11  SCV  
  64  5:12  Marine x2  
  67  5:20  Barracks  
  67  5:22  Barracks  
  67  5:23  Supply Depot  
  67  5:26  Terran Infantry Weapons Level 1  
  67  5:28  Terran Infantry Armor Level 1  
  67  5:33  SCV x2  
  69  5:36  Marine x2  
  69  5:38  Banshee  
  74  5:48  Siege Tank  
  74  5:49  SCV  
  79  5:50  SCV  
  79  5:52  Orbital Command  
  79  6:00  Supply Depot  
  79  6:01  SCV  
  79  6:02  SCV  
  81  6:08  Marine x2  
  83  6:14  SCV  
  84  6:31  Combat Shield, Stimpack  
  84  6:32  Marine x2  
  85  6:33  Starport Reactor  
  86  6:40  Marine x2  
  86  6:46  Factory Tech Lab  
  88  6:50  Marine x2  
  88  6:53  SCV x2  
  92  6:58  Marine x2  
  92  6:59  Armory, Orbital Command  
  94  7:04  Missile Turret  
  94  7:05  SCV x2  
  94  7:06  Siege Tank  
  94  7:08  Missile Turret, Marine x2  
  101  7:24  Supply Depot  
  101  7:25  Supply Depot  
  101  7:26  Refinery  
  101  7:27  Supply Depot x2  
  101  7:29  Refinery  
  101  7:35  Missile Turret  
  101  7:45  Marine x4  
  101  7:46  SCV x3  
  101  7:47  Medivac x2  
  101  7:50  Terran Infantry Armor Level 2  
  112  7:53  Terran Infantry Weapons Level 2  
  112  7:55  Missile Turret  
  112  7:58  SCV x3, Siege Tank  
  118  8:03  Marine x3  
  121  8:08  Marine  
  121  8:10  SCV x2  
  124  8:16  Medivac x2  
  125  8:21  SCV, Marine x2  
  125  8:22  SCV, Terran Vehicle Weapons Level 1  
  125  8:23  Supply Depot  
  125  8:26  Supply Depot  
  126  8:27  Supply Depot  
  126  8:29  SCV  
  126  8:30  Marine x2  
  126  8:31  Siege Tank  
  126  8:33  SCV  
  133  8:38  Barracks  
  133  8:40  Barracks  
  133  8:45  SCV x2, Marine x2  
  133  8:48  Marine x2  
  137  8:50  Factory  
  137  8:54  SCV  
  140  8:57  SCV, Barracks x3  
  140  8:58  SCV  
  142  9:02  Marine x2  
  142  9:03  Siege Tank  
  142  9:06  SCV, Medivac, Marine x2  
  142  9:09  SCV  
  153  9:12  Medivac, Command Center  
  155  9:20  Marine x2  
  157  9:40  Factory Tech Lab  
  157  9:48  Supply Depot x2  
  157  9:49  Supply Depot  
  157  9:50  Supply Depot  
  157  9:55  Command Center  
  157  10:09  Marine x4, Siege Tank  
  164  10:24  Command Center  
  164  10:27  Marine x3  
  167  10:31  Command Center, Barracks Tech Lab  
  167  10:32  Barracks Tech Lab  
  167  10:45  Command Center  
  167  11:18  Barracks Tech Lab  
  167  11:19  Barracks Tech Lab x2  
  154  11:59  Planetary Fortress, Orbital Command  
  154  12:01  Planetary Fortress x2  
  149  12:14  Marine x3  
  149  12:15  Marine x4  
  145  12:16  Medivac x2, Siege Tank  
  141  12:32  Marine x7  
  147  12:39  Armory  
  147  12:40  Armory  
  146  12:48  Siege Tank  
  146  12:49  Factory  
  146  12:51  Marauder  
  151  12:53  Barracks x2  
  151  13:02  Refinery  
  151  13:03  Refinery  
  151  13:20  Siege Tank  
  151  13:25  Medivac x2  
  158  13:40  Thor x2  
  170  13:42  Barracks Tech Lab x2  
  170  13:44  Terran Vehicle Weapons Level 2, Terran Vehicle And Ship Armor Level 1  
  170  13:52  Thor  
  170  13:53  Engineering Bay  
  170  13:54  Engineering Bay  
  170  13:55  Medivac x2  
  184  14:17  Marauder x4  
  184  14:18  Marauder x3  
  184  14:19  Marine x2  
  200  14:38  Marauder x2  
  200  14:39  Command Center  
  200  14:50  Command Center  
  200  15:02  Terran Infantry Weapons Level 3, Terran Infantry Armor Level 3  
  200  15:03  Engineering Bay  
  200  15:04  Engineering Bay  
  189  16:12  Marine x4  
  189  16:13  Marauder x2, Marine x2  
  171  16:31  Planetary Fortress  
  160  16:34  Command Center  
  160  16:50  Orbital Command  
  160  17:05  SCV x6  
  166  17:11  Missile Turret x2  
  166  17:12  Thor  
  166  17:13  Missile Turret x2  
  166  17:14  Missile Turret x4  
  166  17:15  Missile Turret x3  
  172  17:16  Missile Turret x2  
  172  17:17  SCV x3, Missile Turret x2  
  172  17:22  Marine x2  
  178  17:23  Marauder x2  
  169  17:39  Marine x5  
  169  17:40  Marine x2, Thor  
  169  17:44  Marine x2  
  184  17:57  Marine x3  
  184  17:58  Marauder  
  189  18:06  Hi-Sec Auto Tracking, Neosteel Armor  
  189  18:17  Terran Vehicle Weapons Level 3, Terran Vehicle And Ship Armor Level 2  
  189  18:19  Command Center  
  187  18:33  Marine  
  187  18:34  Marine x8  
  185  18:51  Marine x4  
  185  18:52  Planetary Fortress, Marauder, Marine x3  
  194  19:02  Orbital Command  
  192  19:09  Refinery  
  188  19:13  Refinery  
  188  19:42  Orbital Command  
  188  19:49  Marine x9  
  197  20:07  Marine  
  197  20:08  Marauder, Starport  
  197  20:10  Starport  
  197  20:13  Starport, Fusion Core  
  200  20:15  Command Center  
  200  20:18  Refinery  
  200  20:44  Refinery  
  200  20:54  Starport Tech Lab  
  200  20:55  Starport Tech Lab x2  
  200  20:58  Concussive Shells  
Show
View Real Time Build Order
Export as new Build Order

RED Zerg - Winner!

Build Orders: Pool First 

Get SALT Encoding   

  12  0:19  Drone x2  
  14  0:30  Spawning Pool  
  14  0:31  Drone  
  14  0:37  Extractor  
  14  0:39  Drone  
  14  0:46  Overlord  
  14  0:54  Extractor  
  14  0:55  Drone  
  14  1:07  Drone  
  15  1:18  Queen  
  15  1:19  Drone  
  18  1:25  Drone  
  19  1:36  Drone  
  20  1:46  Drone  
  21  1:59  Lair  
  21  2:01  Metabolic Boost  
  21  2:10  Spine Crawler, Drone  
  21  2:14  Drone  
  22  2:32  Overlord  
  22  2:38  Overlord  
  22  3:07  Pneumatized Carapace  
  22  3:10  Zergling x12  
  28  3:24  Nydus Network  
  27  3:30  Zergling x2, Spore Crawler  
  27  3:45  Zergling x8  
  31  3:52  Queen  
  31  3:54  Zergling x2  
  34  4:22  Zergling x8  
  38  4:38  Nydus Canal  
  22  5:39  Zergling x6  
  22  5:40  Zergling x10  
  30  5:50  Zergling x2  
  31  6:17  Zergling x8  
  35  6:25  Nydus Canal  
  20  7:12  Drone  
  20  7:14  Drone x3  
  24  7:18  Hatchery  
  23  7:27  Drone x3  
  26  7:35  Spore Crawler  
  25  7:39  Drone  
  25  7:40  Spine Crawler  
  25  8:02  Spore Crawler  
  24  8:05  Spine Crawler  
  24  8:08  Overlord  
  24  8:10  Overlord  
  23  8:17  Spine Crawler  
  22  8:27  Spore Crawler  
  22  8:31  Drone  
  24  8:34  Burrow  
  24  8:44  Spire  
  23  8:48  Drone  
  23  8:54  Drone  
  21  9:10  Zergling x2  
  22  9:33  Queen  
  22  9:34  Drone x3  
  27  9:45  Queen  
  27  9:51  Infestation Pit  
  28  9:54  Nydus Canal  
  28  9:56  Drone x2  
  30  10:02  Drone x3  
  30  10:03  Drone x7  
  40  10:11  Spore Crawler  
  39  10:21  Queen  
  39  10:22  Drone x2  
  43  10:30  Overlord x3  
  43  10:31  Overlord  
  43  10:36  Spore Crawler  
  43  10:37  Corruptor  
  44  10:53  Extractor  
  44  10:55  Extractor  
  42  11:01  Overlord x2  
  42  11:06  Corruptor x3  
  48  11:20  Zergling x8  
  50  11:33  Spine Crawler  
  44  11:52  Spine Crawler  
  43  12:07  Zergling x10  
  48  14:09  Hive  
  48  14:11  Corruptor x6  
  48  14:12  Corruptor  
  62  14:21  Corruptor x5  
  62  14:22  Corruptor  
  74  15:00  Hatchery  
  73  15:08  Hatchery  
  72  15:15  Corruptor  
  72  15:16  Corruptor x4  
  47  16:01  Corruptor  
  47  16:02  Corruptor x4  
  57  16:07  Corruptor x5  
  57  16:08  Corruptor  
  69  16:14  Spine Crawler  
  69  16:17  Spine Crawler  
  67  16:20  Queen  
  67  16:21  Drone  
  70  16:26  Extractor  
  69  16:50  Drone x3  
  69  16:51  Drone x4  
  76  16:57  Drone x3  
  79  17:03  Extractor  
  79  17:08  Drone x4  
  82  17:46  Drone x3  
  82  17:47  Drone x3  
  88  18:02  Drone x4  
  88  18:03  Drone x2  
  94  18:09  Overlord x2  
  94  18:10  Overlord x3  
  94  18:18  Spore Crawler  
  93  18:22  Spore Crawler  
  69  18:43  Corruptor x3  
  69  18:44  Corruptor x4  
  69  18:47  Corruptor  
  74  18:57  Corruptor  
  74  18:58  Drone x2  
  74  18:59  Drone x6  
  71  19:22  Drone  
  71  19:23  Drone x3  
  75  19:27  Spore Crawler  
  64  20:08  Queen  
  64  20:09  Drone x3  
  64  20:10  Drone  
  70  20:19  Overlord, Drone x2  
  72  20:32  Corruptor  
  72  20:33  Corruptor x5  
  84  20:37  Greater Spire  
  84  20:41  Overseer  
  84  22:01  Spore Crawler  
Show
View Real Time Build Order
Export as new Build Order

Invictus Terran 

Build Orders:  

Get SALT Encoding   

  12  0:05  SCV  
  13  0:16  Supply Depot  
  13  0:20  SCV  
  14  0:36  SCV  
  15  0:48  SCV  
  16  1:06  SCV  
  16  1:10  Barracks  
  17  1:18  SCV  
  18  1:30  SCV  
  18  1:32  Refinery, Command Center  
  19  1:42  SCV  
  20  1:49  Supply Depot  
  20  1:54  SCV  
  21  2:05  Supply Depot  
  21  2:07  SCV  
  22  2:33  Orbital Command  
  22  2:36  Marine  
  22  2:51  Orbital Command  
  22  2:54  Marine  
  22  2:57  Factory  
  23  2:59  SCV  
  23  3:00  Refinery  
  24  3:11  SCV  
  25  3:20  SCV  
  25  3:23  SCV  
  27  3:34  SCV  
  28  3:35  SCV  
  28  3:39  Refinery  
  29  3:42  Command Center  
  29  3:46  SCV  
  29  3:47  SCV  
  30  3:59  Factory Reactor  
  29  4:17  SCV  
  29  4:22  SCV  
  31  4:29  SCV  
  32  4:31  Refinery  
  32  4:34  SCV  
  33  4:40  Starport  
  33  4:41  Starport  
  33  4:42  SCV, Starport  
  33  4:45  Starport  
  34  4:46  SCV  
  35  4:54  SCV  
  35  4:56  Refinery  
  35  4:58  SCV  
  29  5:11  SCV  
  29  5:12  SCV x2  
  32  5:24  SCV x3  
  34  5:36  SCV  
  34  5:37  Viking x3  
  41  5:45  SCV x2  
  41  5:48  SCV  
  44  5:57  SCV x2  
  47  6:09  SCV x2  
  47  6:11  Refinery  
  46  6:32  Starport Tech Lab  
  46  6:33  Starport Tech Lab x3  
  46  6:38  Fusion Core  
  46  6:39  SCV x2  
  45  6:51  SCV x2  
  45  7:15  SCV x2  
  47  7:26  Battlecruiser x3  
  47  7:27  SCV x2  
  67  7:34  Supply Depot  
  67  7:39  SCV  
  68  8:06  SCV x2  
  68  8:09  Battlecruiser  
  76  8:17  Armory  
  76  8:18  Armory, SCV  
  77  8:21  Supply Depot  
  77  8:22  Supply Depot  
  77  8:25  Supply Depot  
  77  8:40  Battlecruiser  
  83  9:20  Refinery  
  83  9:21  Refinery  
  75  9:39  Battlecruiser x2  
  86  10:09  Battlecruiser  
  78  10:56  Battlecruiser  
  72  11:37  Battlecruiser  
  78  11:40  Battlecruiser  
  66  12:12  Battlecruiser  
  66  12:57  Battlecruiser  
  60  13:35  Terran Ship Weapons Level 1, Terran Vehicle And Ship Armor Level 1  
  54  14:08  SCV  
  54  14:09  SCV  
  56  14:10  Battlecruiser  
  56  14:11  Battlecruiser  
  68  14:21  SCV x2  
  70  14:45  Battlecruiser  
  70  14:48  Command Center  
  70  14:59  Command Center  
  70  15:04  Viking  
  72  15:14  Viking  
  72  15:15  Viking  
  76  15:34  Viking  
  77  15:45  Battlecruiser  
  65  16:07  Terran Ship Weapons Level 2  
  65  16:08  Terran Vehicle And Ship Armor Level 2  
  65  16:48  SCV  
  65  16:53  Refinery  
  66  16:55  Refinery  
  66  16:57  SCV  
  66  17:00  SCV  
  68  17:10  SCV  
  68  17:12  SCV  
  68  17:13  Battlecruiser  
  68  17:14  Battlecruiser  
  83  17:24  SCV  
  83  17:36  SCV  
  84  17:49  Viking x2  
  88  17:54  Weapon Refit  
  88  18:00  SCV x3  
  77  18:30  Viking x4  
  85  18:53  SCV  
  85  18:54  SCV x3  
  89  18:59  Refinery  
  89  19:00  Viking x3  
  95  19:05  SCV  
  77  19:37  Battlecruiser x4  
  83  20:41  Battlecruiser  
Show
View Real Time Build Order
Export as new Build Order

Xolotl Zerg 

Build Orders: Hatch First 

Get SALT Encoding   

  12  0:01  Drone  
  13  0:12  Drone  
  14  0:17  Overlord  
  14  0:47  Drone  
  14  0:48  Hatchery  
  14  0:50  Drone  
  14  0:55  Drone  
  16  1:04  Drone  
  16  1:09  Overlord  
  17  1:22  Spawning Pool  
  16  1:26  Extractor  
  16  1:29  Drone  
  16  1:31  Drone  
  17  1:41  Drone  
  18  1:52  Drone  
  19  2:09  Queen  
  19  2:10  Hatchery  
  20  2:20  Queen  
  22  2:30  Drone x2  
  22  2:31  Drone  
  25  2:38  Metabolic Boost  
  25  2:42  Drone  
  26  2:54  Drone  
  27  3:01  Drone  
  27  3:02  Drone x4  
  32  3:07  Drone  
  33  3:13  Extractor  
  33  3:16  Spore Crawler  
  33  3:19  Drone x2  
  34  3:20  Drone  
  34  3:27  Queen  
  36  3:36  Zergling x6  
  36  3:37  Zergling x2  
  40  3:45  Extractor  
  40  3:46  Lair  
  39  3:48  Drone x2  
  41  3:59  Drone  
  41  4:00  Overlord  
  41  4:01  Overlord  
  42  4:17  Evolution Chamber  
  42  4:18  Evolution Chamber  
  40  4:25  Zergling x8  
  40  4:26  Zergling x8  
  40  4:31  Roach Warren  
  47  4:33  Drone  
  47  4:35  Drone  
  47  4:37  Drone  
  50  4:39  Drone  
  50  4:42  Drone  
  52  4:51  Drone x3  
  55  5:02  Zerg Melee Weapons Level 1  
  55  5:04  Zerg Ground Armor Level 1  
  55  5:08  Zergling x4  
  47  5:17  Zergling x2  
  47  5:18  Zergling x8  
  50  5:33  Hydralisk Den  
  49  5:37  Nydus Network  
  49  5:39  Drone x6  
  54  5:53  Zergling x8  
  54  5:54  Overlord  
  54  5:55  Overlord  
  58  6:00  Extractor  
  57  6:06  Drone  
  58  6:13  Drone  
  58  6:14  Drone x8  
  67  6:27  Zergling x2  
  67  6:28  Zergling x12  
  67  6:30  Overlord  
  72  6:45  Zergling x2  
  73  6:52  Drone x2  
  73  6:53  Drone x4  
  74  6:58  Extractor  
  74  6:59  Hydralisk  
  74  7:00  Hydralisk x5, Extractor  
  81  7:02  Overlord  
  81  7:10  Overlord x2  
  81  7:11  Overlord  
  81  7:18  Overlord x2  
  81  7:22  Pneumatized Carapace  
  81  7:29  Drone x7  
  88  7:35  Hydralisk x2  
  92  7:38  Grooved Spines  
  92  7:47  Drone x3  
  92  7:48  Drone  
  96  8:13  Hydralisk  
  96  8:14  Hydralisk x9  
  116  8:22  Hydralisk x2  
  116  8:24  Overlord x3  
  116  8:26  Overseer  
  120  8:27  Overseer  
  120  8:33  Infestation Pit  
  119  8:37  Zergling x2  
  120  8:47  Spore Crawler, Glial Reconstitution  
  120  8:48  Spore Crawler  
  118  8:49  Spore Crawler  
  118  8:50  Muscular Augments  
  117  9:04  Zergling x2  
  117  9:05  Zergling x16  
  126  9:10  Overlord, Hive  
  126  9:11  Overlord x5  
  126  9:20  Nydus Canal  
  126  9:25  Hydralisk  
  126  9:26  Hydralisk x4  
  126  9:28  Overlord  
  135  9:56  Overlord  
  135  9:57  Overlord x7  
  135  10:00  Hydralisk  
  135  10:02  Queen  
  135  10:03  Zerg Melee Weapons Level 2  
  135  10:06  Zerg Missile Weapons Level 1  
  139  10:26  Hydralisk x8  
  154  10:57  Nydus Canal, Ultralisk Cavern  
  149  11:12  Nydus Canal  
  149  11:14  Hydralisk x2  
  149  11:15  Zergling x2  
  149  11:16  Zergling x22  
  165  11:40  Zergling x8  
  165  11:41  Zergling x6  
  167  11:56  Nydus Canal  
  167  11:59  Zerg Ground Armor Level 2  
  143  12:13  Hydralisk x8  
  143  12:14  Hydralisk  
  103  12:36  Nydus Canal  
  103  12:38  Zergling x12  
  109  12:58  Zerg Missile Weapons Level 2  
  109  13:01  Zergling x18  
  118  13:13  Chitinous Plating  
  118  13:15  Ultralisk x2  
  118  13:16  Ultralisk, Queen x2  
  118  13:17  Queen  
  122  13:47  Hydralisk  
  122  13:48  Hydralisk x12  
  122  13:52  Queen x3, Drone  
  122  13:53  Drone x2  
  152  14:13  Hydralisk x6  
  152  14:15  Zerg Melee Weapons Level 3  
  163  14:28  Hatchery  
  162  14:32  Anabolic Synthesis  
  162  14:49  Hatchery  
  162  14:50  Overlord  
  162  14:51  Overlord x4  
  161  15:02  Ultralisk  
  134  15:17  Hydralisk x4  
  125  15:28  Hydralisk x3  
  123  15:36  Zergling x8  
  123  15:37  Zergling x2  
  113  16:15  Ultralisk x3  
  113  16:17  Hatchery  
  126  16:24  Hatchery  
  119  16:27  Hatchery  
  115  16:49  Overlord  
  115  16:50  Overlord x3  
  115  17:09  Spire  
  114  17:45  Drone  
  114  17:46  Drone x12  
  114  17:50  Drone  
  128  18:12  Hydralisk x5  
  138  18:23  Hydralisk  
  138  18:24  Hydralisk x3  
  146  18:30  Hydralisk  
  146  18:31  Hydralisk x2  
  134  18:45  Hydralisk x5  
  134  18:46  Hydralisk  
  127  18:57  Hydralisk  
  127  18:58  Hydralisk x3  
Show
View Real Time Build Order
Export as new Build Order

KopJLeoHe Terran 

Build Orders:  

Get SALT Encoding   

  12  0:01  SCV  
  13  0:26  SCV  
  13  0:27  Supply Depot  
  14  0:37  Refinery  
  14  0:43  SCV  
  15  0:54  Barracks  
  15  1:08  SCV  
  16  1:14  Engineering Bay  
  16  1:20  SCV  
  17  1:32  SCV  
  18  1:42  Marine  
  18  1:43  Supply Depot  
  19  1:52  Factory  
  19  1:58  SCV  
  19  2:00  Marine  
  21  2:11  Refinery  
  21  2:15  Orbital Command  
  21  2:24  Marine  
  22  2:52  Factory Tech Lab  
  22  3:02  Marine  
  23  3:11  Command Center  
  23  3:14  Siege Tank  
  26  3:20  Marine  
  26  3:25  SCV  
  28  3:38  SCV  
  29  3:50  SCV  
  29  3:52  Starport  
  30  4:09  SCV  
  31  4:21  Missile Turret  
  31  4:23  SCV  
  32  4:27  SCV  
  32  4:28  Refinery  
  32  4:30  Starport  
  33  4:35  SCV  
  34  4:39  SCV  
  35  4:50  Starport Reactor  
  35  4:51  SCV x2  
  37  5:03  SCV  
  38  5:36  Viking  
  38  5:37  Viking, Starport Reactor  
  38  5:39  Starport  
  42  5:57  Supply Depot  
  42  6:04  SCV  
  42  6:09  Missile Turret  
  43  6:16  SCV  
  44  6:20  Supply Depot, Starport Tech Lab, Siege Tank  
  47  6:28  SCV  
  48  6:43  Supply Depot  
  48  6:52  Siege Tank  
  51  7:11  Viking  
  51  7:12  Viking x4  
  61  7:17  Supply Depot  
  61  7:26  SCV  
  62  7:31  Missile Turret  
  62  7:38  SCV  
  62  7:40  Supply Depot  
  62  7:41  Viking  
  62  7:42  Viking x2  
  69  7:50  SCV  
  70  8:03  Viking x2  
  70  8:04  Supply Depot  
  74  8:10  Refinery  
  74  8:11  Viking  
  74  8:12  Viking x2  
  80  8:15  Missile Turret  
  79  8:30  Siege Tank  
  79  8:33  Supply Depot  
  82  9:04  Barracks  
  82  9:24  Viking x5  
  88  9:52  Barracks  
  77  9:53  Viking  
  79  10:08  Viking x3  
  79  10:09  Viking  
  87  10:23  Viking  
  89  10:40  Barracks  
  35  12:24  Viking x5  
  35  12:27  Supply Depot  
  45  12:35  Barracks Tech Lab  
  45  12:36  Barracks Tech Lab x2  
  45  12:38  SCV  
  46  12:50  SCV  
  47  12:51  Supply Depot  
  47  12:54  Viking x5  
  57  13:11  Marauder  
  57  13:12  Marauder x2  
  63  13:14  Supply Depot  
  63  13:24  Viking x5  
  73  13:33  Marauder x2  
  77  13:37  Supply Depot  
  77  13:43  Supply Depot  
  77  13:54  Viking x5  
  87  14:01  Supply Depot  
  87  14:21  Supply Depot  
  87  14:23  Marauder x2  
  87  14:24  Marauder  
  93  14:26  Viking  
  93  14:27  Viking x4  
  103  14:44  Marauder x2  
  107  14:53  Supply Depot  
  107  14:56  Viking x2  
  111  15:16  Supply Depot  
  105  15:40  Supply Depot  
  83  16:01  Marauder x2  
  83  16:02  Marauder  
  71  16:23  Marauder x3  
  54  16:39  Command Center  
  52  18:18  Command Center  
  22  18:45  Viking  
  20  19:42  Viking x3  
Show
View Real Time Build Order
Export as new Build Order

ReyGrey Terran 

Build Orders: Mech 

Get SALT Encoding   

  12  0:03  SCV  
  13  0:18  Supply Depot  
  13  0:30  SCV  
  13  0:31  Engineering Bay  
  14  0:40  Refinery  
  14  0:55  SCV  
  14  0:56  Barracks  
  15  1:07  SCV  
  16  1:16  Missile Turret  
  16  1:19  SCV  
  16  1:24  Refinery  
  17  1:38  Missile Turret  
  17  1:47  Missile Turret  
  17  1:59  Factory  
  17  2:11  Missile Turret  
  17  2:15  SCV  
  18  2:44  Hellion, Starport  
  20  2:52  Orbital Command  
  20  3:04  Supply Depot  
  20  3:06  Factory Tech Lab  
  20  3:24  Starport Tech Lab  
  20  3:25  Starport Reactor  
  19  3:29  SCV  
  19  3:30  Armory  
  20  3:40  Siege Tank  
  23  3:59  Supply Depot  
  23  4:02  SCV  
  24  4:04  Viking  
  26  4:13  Supply Depot  
  26  4:14  SCV  
  27  4:33  Supply Depot  
  27  4:35  SCV  
  27  4:38  Supply Depot  
  28  4:47  SCV  
  28  4:50  Fusion Core  
  29  4:55  Hi-Sec Auto Tracking  
  27  6:05  Factory  
  27  6:07  Advanced Ballistics  
  27  6:08  Factory  
  27  6:09  Viking x2  
  31  6:59  Factory Tech Lab  
  31  7:00  Factory Tech Lab  
  31  7:09  Thor  
  37  7:34  Liberator  
  40  7:39  Command Center  
  40  7:41  Supply Depot  
  40  7:43  Supply Depot  
  40  7:47  Drilling Claws  
  36  8:35  Siege Tank  
  39  8:52  Liberator  
  39  8:55  SCV  
  37  9:07  SCV  
  38  9:17  Liberator  
  35  10:56  Siege Tank x3  
  32  11:10  Liberator  
  35  11:16  Viking  
  35  11:18  Command Center  
  37  11:50  Viking  
  37  11:53  Viking  
  36  12:20  Viking  
  36  13:12  Viking x2  
  36  13:24  Widow Mine x3  
  42  13:42  Viking x2  
  46  13:56  Planetary Fortress  
  46  14:12  Viking  
  48  14:29  Widow Mine x2  
  48  14:30  Widow Mine  
  48  14:31  Viking  
  56  14:42  Refinery  
  56  14:44  Refinery  
  56  15:09  Missile Turret  
  56  15:12  Missile Turret x2  
  50  15:48  Siege Tank  
  50  15:49  Siege Tank x2  
  32  16:20  Siege Tank  
  32  16:21  Siege Tank  
  41  16:47  Siege Tank  
  41  16:49  Liberator  
  44  16:58  Widow Mine x2  
  48  17:18  Viking  
  48  17:19  Widow Mine x3  
  56  17:32  Viking  
  43  18:09  Orbital Command  
  39  18:51  Widow Mine x3  
  39  18:52  Viking  
  39  18:53  Viking  
  49  19:12  Widow Mine x3  
  55  19:22  Viking  
  55  19:23  Viking  
  34  19:44  Widow Mine x3  
  33  19:52  Viking  
  30  20:05  Widow Mine x3  
  36  20:13  Viking  
  38  20:22  Viking  
  38  20:26  Widow Mine  
  38  20:27  Widow Mine x2  
  46  20:43  Viking  
  46  20:48  Widow Mine x3  
  54  20:52  Viking  
  54  21:09  Siege Tank x3  
Tags
 
Add a new tag
Caveats
  • Supply blocks, unpowered buildings, or Contaminate may cause inaccurate times.
  • Supply counts are checked every 10 seconds.